 Dungeon Sprint DCSS version 0.30.0-29-ga12c61a403 (webtiles) character file.

Game seed: 12275931815250298864

18700000 Groucho the Axe Maniac (level 27, -4/228 HPs)
             Began as a Djinni Warper on June 14, 2023.
             Was the Champion of Makhleb.
             Killed by divine providence
             ... invoked by an accursed
              (13 damage)
             ... in the Dungeon (Sprint VIII: "Arena of Blood") on June 16, 2023.
             The game lasted 00:11:52 (187 turns).

Groucho the Axe Maniac (Djinni Warper)               Turns: 187, Time: 00:11:52

Health: -4/228     AC:  6    Str: 10    XL:     27
Gold:   0          EV: 29    Int: 24    God:    Makhleb [******] SH:  0 Dex: 18

rFire   + + .        i - +∞ Axe of Woe
rCold   x . .        (shield currently unavailable)
rNeg    . . .        b - +0 leather armour
rPois   ∞            (no helmet)
rElec   .            (no cloak)
rCorr   .            (no gloves)
SInv    +            (boots unavailable)
Will    ++...        (no amulet)
Stlth   +++          j - ring of see invisible
HPRegen 0.58/turn    (no ring)
MPRegen 0.00/turn

%: no teleportation, infuse magic (-5 HP)
@: flying, slowed, very slow
A: sickness immunity, fire resistance 2, cold vulnerability 1, float, innate
caster, HP casting, extra vitality 1
0: Orb of Zot
a: Renounce Religion, Minor Destruction, Lesser Servant of Makhleb, Major
Destruction, Greater Servant of Makhleb


You were in the Dungeon.
You worshipped Makhleb.
Makhleb was exalted by your worship.
You visited 1 branch

Inventory:

Hand Weapons
 a - a +0 hand axe
 i - the +∞ Axe of Woe (weapon)
   (You found it in the Dungeon)
 p - a +9 heavy great sword
Missiles
 d - 7 boomerangs of dispersal
Armour
 b - a +0 leather armour (worn)
Jewellery
 j - a ring of see invisible (left hand)
 k - a +200 ring of slaying
 l - a +200 ring of slaying
 m - a +200 ring of slaying
 n - a +200 ring of slaying
 o - a +200 ring of slaying
 q - a +200 ring of slaying
 r - a +200 ring of slaying
 s - a +200 ring of slaying
 t - a +250 ring of slaying
 u - a +400 ring of slaying
Scrolls
 c - a scroll of blinking
Potions
 e - a potion of curing
 f - a potion of heal wounds
 g - a potion of haste
 h - a potion of berserk rage


   Skills:
 O Level 27 Fighting
 O Level 27 Short Blades
 O Level 27 Long Blades
 O Level 27 Axes
 O Level 27 Maces & Flails
 O Level 27 Polearms
 O Level 27 Staves
 O Level 27 Ranged Weapons
 O Level 27 Throwing
 O Level 27 Armour
 O Level 27 Dodging
 O Level 27 Stealth
 O Level 27 Shields
 O Level 27 Unarmed Combat
 O Level 27 Spellcasting
 O Level 27 Invocations
 O Level 27 Evocations


You knew the following spells:

 Your Spells              Type           Power      Damage    Failure   Level
a - Blink                 Tloc           100%       N/A       0%          2
b - Lesser Beckoning      Tloc           100%       N/A       0%          2
c - Vhi's Electric Charg  Tloc/Air       100%       N/A       0%          3
d - Teleport Other        Tloc           100%       N/A       0%          3
e - Manifold Assault      Tloc           100%       N/A       0%          4
f - Necrotise             Necr           100%       1d9       0%          1
g - Searing Ray           Conj           100%       2d8       0%          2
h - Static Discharge      Conj/Air       100%       2-7/arc   0%          2
i - Dazzling Flash        Conj/Hex       100%       N/A       0%          3
j - Ice Form              Ice/Tmut       100%       N/A       0%          4
k - Blade Hands           Tmut           52%        N/A       0%          5
l - Statue Form           Tmut/Erth      69%        N/A       0%          6
m - Dispersal             Tloc           52%        N/A       0%          6
n - Malign Gateway        Summ/Tloc      52%        N/A       0%          7
o - Summon Hydra          Summ           52%        N/A       0%          7
p - Maxwell's Capacitive  Air            52%        ∞         1%          8
q - Death's Door          Necr           52%        N/A       1%          9
r - Chain Lightning       Conj/Air       52%        3d69      1%          9
Your spell library was empty.

Dungeon Overview and Level Annotations

Branches:
Dungeon (1/1)

Altars:
Makhleb


Innate Abilities, Weirdness & Mutations

You are immune to sickness and miasma.
You are immune to poison.
Your flesh is very heat resistant. (rF++)
You are vulnerable to cold. (rC-)
You float through the air rather than walking.
You learn spells naturally, not from books.
Your magical power is your life essence.
You have superior vitality. (+4 MHP)


Message History

You dissect the bag of meat like a pig carcass.
You kill the bag of meat!
Makhleb accepts your kill.
You feel better.
You slash the sculptor of flesh!
You fatally mangle the sculptor of flesh.
You destroy the sculptor of flesh!
Makhleb accepts your kill.
You feel better.
A meat beast comes into view.
The eight-headed meat hydra calls on the powers of darkness!
The eight-headed meat hydra convulses! x2; The bag of meat convulses!
The meat berserker convulses!
The eight-headed meat hydra convulses!
The fleshlord convulses!
The bag of meat convulses!
The eight-headed meat hydra convulses!
The scourge convulses!
The bag of meat convulses!
The fleshlord convulses! x3
The bag of meat convulses!
The observer convulses!
Your body is wracked with pain!
* * * LOW HITPOINT WARNING * * *
The fleshlord casts a spell at you.
You barely resist.
A bag of meat comes into view. It is wielding a +9 war axe.
The observer is engulfed in blazing flames.
The observer gazes at you.
The fireball explodes!
The fireball engulfs you! You resist.
* * * LOW HITPOINT WARNING * * *
The scourge breathes poison at you.
An eight-headed meat hydra comes into view.
The eight-headed meat hydra calls on the powers of darkness!
The eight-headed meat hydra convulses!
The bag of meat convulses!
The eight-headed meat hydra convulses!
The bag of meat convulses!
The eight-headed meat hydra convulses! x2; The fleshlord convulses!
The bag of meat convulses!
The meat berserker convulses!
The fleshlord convulses!
The bag of meat convulses!
The scourge convulses!
The bag of meat convulses!
The fleshlord convulses! x2
The bag of meat convulses!
The observer convulses!
Your body is wracked with pain!
* * * LOW HITPOINT WARNING * * *
The accursed points at you and mumbles some strange words.
Something smites you!
You die... ..o.........
DoDoD.D....

W.p.W.W)...
oOo2p..S.) #Mp...p)#
. #.M..oV)# )
)..)###...G)).###SDp
.....)))))###@○☼).G)°
..#..).=)†)_)☼☼☼)))).
#....))2#..)☼§#○..°°.
...)....#_.<†☼#.☼..).
#.......#..)..#)☼O.G.
.)#....).))_)..).§OS.
.......).)###.)).)SOM
)..).###.))..).###...
..)....#))...).#


You could see 3 accurseds, 2 meat beasts, 5 eight-headed meat hydras, a
destroyer, 3 observers, 4 scourges, 5 fleshlords, a dread, 4 meat berserkers, 2
wretched souls and 6 bags of meat.

Vanquished Creatures
  Dispater (D)
  20 hell knights (D)
  14 hell beasts (D)
  Edmund (D)
  6 royal mummies (D)
  16 great orbs of eyes (D)
  17 wraiths (D)
  19 vampire knights (D)
  58 ogres (D)
  7 two-headed ogres (D)
  9 liches (D)
  13 hydras (D)
  10 phantoms (D)
  71 orcs (D)
  9 skeletal warriors (D)
  12 sea snakes (D)
283 creatures vanquished.

Notes
Turn   | Place    | Note
-------+----------+-------------------------------------------
     0 | D        | Found the +∞ Axe of Woe
     0 | D        | Groucho the Djinni Warper began the quest for the Orb.
     0 | D        | Groucho set off with the following spells memorised: Blink,
                  | Lesser Beckoning, Vhi's Electric Charge, Teleport Other,
                  | Manifold Assault.
     0 | D        | Reached XP level 1. HP: 18/18 MP: 0/0
     2 | D        | Noticed a meat berserker
     2 | D        | Noticed a bag of meat
     4 | D        | Became a worshipper of Makhleb the Destroyer
     6 | D        | Noticed a meat berserker
     6 | D        | Noticed a bag of meat
     7 | D        | Killed a meat berserker
     7 | D        | Noticed a bag of meat
     8 | D        | Reached XP level 2. HP: 23/23 MP: 0/0
     8 | D        | Reached XP level 3. HP: 28/28 MP: 0/0
     8 | D        | Learned a level 1 spell: Necrotise
     8 | D        | Reached XP level 4. HP: 33/33 MP: 0/0
     8 | D        | Reached XP level 5. HP: 38/38 MP: 0/0
     8 | D        | Learned a level 2 spell: Searing Ray
     8 | D        | Reached XP level 6. HP: 43/43 MP: 0/0
     8 | D        | Reached XP level 7. HP: 49/49 MP: 0/0
     8 | D        | Learned a level 2 spell: Static Discharge
     8 | D        | Reached XP level 8. HP: 54/54 MP: 0/0
     8 | D        | Reached XP level 9. HP: 58/58 MP: 0/0
     8 | D        | Learned a level 3 spell: Dazzling Flash
     8 | D        | Reached XP level 10. HP: 64/64 MP: 0/0
     8 | D        | Reached XP level 11. HP: 68/68 MP: 0/0
     8 | D        | Learned a level 4 spell: Ice Form
     8 | D        | Reached XP level 12. HP: 74/74 MP: 0/0
     8 | D        | Noticed a bag of meat
     8 | D        | Noticed a bag of meat
     8 | D        | Noticed a bag of meat
     9 | D        | Noticed a bag of meat
    10 | D        | Killed a bag of meat
    10 | D        | Reached * piety under Makhleb
    10 | D        | Killed a bag of meat
    10 | D        | Killed a meat berserker
    10 | D        | Killed a bag of meat
    10 | D        | Reached ** piety under Makhleb
    10 | D        | Noticed a meat berserker
    10 | D        | Noticed a large bag of meat
    11 | D        | Reached skill level 15 in Spellcasting
    11 | D        | Reached XP level 13. HP: 78/78 MP: 0/0
    11 | D        | Learned a level 5 spell: Blade Hands
    11 | D        | Reached XP level 14. HP: 85/85 MP: 0/0
    11 | D        | Killed a bag of meat
    11 | D        | Killed a bag of meat
    11 | D        | Killed a large bag of meat
    11 | D        | Reached *** piety under Makhleb
    11 | D        | Killed a bag of meat
    11 | D        | Noticed a bag of meat
    12 | D        | Reached XP level 15. HP: 89/89 MP: 0/0
    12 | D        | Learned a level 6 spell: Statue Form
    12 | D        | Reached XP level 16. HP: 94/94 MP: 0/0
    12 | D        | Killed a meat berserker
    12 | D        | Reached **** piety under Makhleb
    12 | D        | Noticed a meat berserker
    13 | D        | Reached skill level 27 in Axes
    13 | D        | Reached skill level 27 in Dodging
    13 | D        | Killed a meat berserker
    14 | D        | Reached XP level 17. HP: 95/99 MP: 0/0
    14 | D        | Learned a level 6 spell: Dispersal
    15 | D        | Noticed a meat berserker
    16 | D        | Reached ***** piety under Makhleb
    16 | D        | Killed a meat berserker
    17 | D        | Reached skill level 27 in Spellcasting
    17 | D        | Reached skill level 10 in Stealth
    17 | D        | Reached XP level 18. HP: 130/130 MP: 0/0
    18 | D        | Reached skill level 15 in Fighting
    18 | D        | Reached skill level 10 in Invocations
    19 | D        | Noticed a meat berserker
    20 | D        | Noticed a destroyer
    20 | D        | Noticed a meat berserker
    21 | D        | Noticed a large bag of meat
    22 | D        | Killed a large bag of meat
    23 | D        | Reached XP level 19. HP: 126/152 MP: 0/0
    23 | D        | Learned a level 7 spell: Malign Gateway
    23 | D        | Noticed a destroyer
    23 | D        | Noticed a destroyer
    26 | D        | Killed a meat berserker
    26 | D        | Reached ****** piety under Makhleb
    26 | D        | Killed a destroyer
    27 | D        | Reached XP level 20. HP: 121/172 MP: 0/0
    27 | D        | Killed a meat berserker
    27 | D        | Killed a destroyer
    27 | D        | Killed a destroyer
    27 | D        | Noticed a destroyer
    28 | D        | Reached skill level 27 in Fighting
    28 | D        | Reached skill level 27 in Stealth
    28 | D        | Reached XP level 21. HP: 187/187 MP: 0/0
    28 | D        | Learned a level 7 spell: Summon Hydra
    29 | D        | Noticed a meat berserker
    30 | D        | Noticed a destroyer
    32 | D        | Killed a destroyer
    33 | D        | Reached skill level 27 in Invocations
    33 | D        | Reached skill level 10 in Armour
    34 | D        | Noticed a destroyer
    36 | D        | Reached skill level 15 in Armour
    36 | D        | Killed a meat berserker
    36 | D        | Noticed a meat berserker
    40 | D        | Noticed a destroyer
    41 | D        | Noticed a destroyer
    43 | D        | Killed a destroyer
    44 | D        | Reached skill level 27 in Armour
    44 | D        | Reached XP level 22. HP: 194/194 MP: 0/0
    46 | D        | Killed a destroyer
    46 | D        | Killed a meat berserker
    52 | D        | Noticed a meat berserker
    52 | D        | Noticed a meat berserker
    53 | D        | Noticed a destroyer
    53 | D        | Noticed a meat berserker
    56 | D        | Noticed a tyrant
    56 | D        | Noticed a meat berserker
    58 | D        | Killed a meat berserker
    58 | D        | Killed a meat berserker
    58 | D        | Killed a meat berserker
    59 | D        | Reached XP level 23. HP: 182/201 MP: 0/0
    59 | D        | Learned a level 8 spell: Maxwell's Capacitive Coupling
    59 | D        | Killed a destroyer
    60 | D        | Reached skill level 27 in Throwing
    60 | D        | Reached skill level 27 in Evocations
    60 | D        | Reached skill level 5 in Short Blades
    60 | D        | Reached skill level 5 in Long Blades
    60 | D        | Reached skill level 5 in Maces & Flails
    60 | D        | Reached skill level 5 in Polearms
    60 | D        | Reached skill level 5 in Staves
    60 | D        | Reached skill level 5 in Ranged Weapons
    60 | D        | Reached XP level 24. HP: 208/208 MP: 0/0
    60 | D        | Killed a tyrant
    61 | D        | Noticed a meat beast
    62 | D        | Noticed a dread
    63 | D        | Killed a meat beast
    63 | D        | Killed a dread
    64 | D        | Reached skill level 15 in Short Blades
    64 | D        | Reached skill level 15 in Long Blades
    64 | D        | Reached skill level 15 in Staves
    64 | D        | Reached XP level 25. HP: 214/214 MP: 0/0
    64 | D        | Learned a level 9 spell: Death's Door
    64 | D        | Noticed a meat beast
    64 | D        | Noticed a tyrant
    65 | D        | Noticed a dread
    66 | D        | Killed a dread
    66 | D        | Killed a meat beast
    67 | D        | Reached XP level 26. HP: 189/221 MP: 0/0
    67 | D        | Noticed a dread
    68 | D        | Killed a dread
    70 | D        | Noticed a large bag of meat
    70 | D        | Noticed a meat beast
    71 | D        | Killed a large bag of meat
    71 | D        | Killed a meat beast
    72 | D        | Reached XP level 27. HP: 228/228 MP: 0/0
    72 | D        | Learned a level 9 spell: Chain Lightning
    72 | D        | Noticed a destroyer
    73 | D        | Noticed a dread
    75 | D        | Killed a destroyer
    75 | D        | Killed a dread
    76 | D        | Reached skill level 27 in Shields
    76 | D        | Reached skill level 27 in Unarmed Combat
    77 | D        | Noticed a meat beast
    77 | D        | Killed a meat beast
    78 | D        | Reached skill level 27 in Short Blades
    78 | D        | Reached skill level 27 in Long Blades
    78 | D        | Reached skill level 27 in Maces & Flails
    78 | D        | Reached skill level 27 in Polearms
    78 | D        | Reached skill level 27 in Staves
    78 | D        | Reached skill level 27 in Ranged Weapons
    81 | D        | Killed a tyrant
    82 | D        | Noticed a meat beast
    83 | D        | Killed a meat beast
    86 | D        | Noticed a tyrant
    87 | D        | Killed a tyrant
    90 | D        | Noticed a destroyer
    90 | D        | Noticed a meat beast
    91 | D        | Noticed a large bag of meat
    91 | D        | Killed a destroyer
    91 | D        | Killed a large bag of meat
    92 | D        | Killed a meat beast
    93 | D        | Noticed an accursed
    93 | D        | Noticed a tyrant
    94 | D        | Killed an accursed
    94 | D        | Noticed a tyrant
    95 | D        | Killed a destroyer
    96 | D        | Killed a tyrant
    96 | D        | Noticed a tyrant
    97 | D        | Killed a tyrant
    98 | D        | Killed a destroyer
    99 | D        | Noticed The Defiler
    99 | D        | Killed The Defiler
   101 | D        | Noticed a dread
   102 | D        | Noticed a tyrant
   102 | D        | Killed a dread
   102 | D        | Killed a tyrant
   107 | D        | Noticed an accursed
   107 | D        | Noticed a destroyer
   108 | D        | Killed an accursed
   108 | D        | Killed a tyrant
   109 | D        | Killed a destroyer
   112 | D        | Noticed a dread
   112 | D        | Noticed a dread
   113 | D        | Noticed a meat beast
   114 | D        | Killed a dread
   115 | D        | Killed a meat beast
   115 | D        | Killed a dread
   116 | D        | Noticed a fleshlord
   116 | D        | Killed a fleshlord
   118 | D        | Noticed a fleshlord
   118 | D        | Killed a fleshlord
   119 | D        | Noticed a dread
   121 | D        | Killed a dread
   122 | D        | Noticed a fleshlord
   122 | D        | Killed a fleshlord
   123 | D        | Noticed a fleshlord
   124 | D        | Noticed a fleshlord
   125 | D        | Killed a fleshlord
   125 | D        | Killed a fleshlord
   126 | D        | Noticed a meat beast
   126 | D        | Noticed a fleshlord
   127 | D        | Noticed a large bag of meat
   128 | D        | Killed a meat beast
   128 | D        | Killed a fleshlord
   128 | D        | Killed a large bag of meat
   128 | D        | Noticed a dread
   129 | D        | Noticed a fleshlord
   129 | D        | Noticed a fleshlord
   129 | D        | Killed a fleshlord
   129 | D        | Killed a fleshlord
   129 | D        | Killed a dread
   130 | D        | Noticed a destroyer
   130 | D        | Noticed a fleshlord
   131 | D        | Noticed a fleshlord
   132 | D        | Noticed a destroyer
   132 | D        | Noticed an accursed
   133 | D        | Killed a fleshlord
   133 | D        | Killed a destroyer
   133 | D        | Killed a fleshlord
   134 | D        | Killed an accursed
   134 | D        | Killed a destroyer
   135 | D        | Noticed a fleshlord
   135 | D        | Noticed a tyrant
   136 | D        | Killed a tyrant
   136 | D        | Killed a fleshlord
   136 | D        | Noticed a meat beast
   137 | D        | Killed a meat beast
   139 | D        | Noticed a dread
   139 | D        | Killed a dread
   139 | D        | Noticed an accursed
   140 | D        | Noticed a fleshlord
   140 | D        | Killed an accursed
   140 | D        | Killed a fleshlord
   140 | D        | Noticed a fleshlord
   141 | D        | Killed a fleshlord
   143 | D        | Noticed a dread
   144 | D        | Noticed a fleshlord
   144 | D        | Noticed a fleshlord
   144 | D        | Noticed The Meatlord
   145 | D        | Killed The Meatlord
   145 | D        | Killed a fleshlord
   146 | D        | Killed a dread
   146 | D        | Killed a fleshlord
   147 | D        | Got the Orb of Zot
   148 | D        | Noticed a dread
   148 | D        | Noticed a dread
   149 | D        | Killed a dread
   149 | D        | Noticed a meat beast
   149 | D        | Noticed a fleshlord
   149 | D        | Noticed a destroyer
   150 | D        | Killed a dread
   150 | D        | Killed a fleshlord
   151 | D        | Killed a destroyer
   154 | D        | Noticed a meat beast
   156 | D        | Killed a meat beast
   158 | D        | Noticed a meat beast
   158 | D        | Noticed a large bag of meat
   159 | D        | Killed a meat beast
   161 | D        | Noticed a tyrant
   162 | D        | Killed a large bag of meat
   162 | D        | Killed a tyrant
   162 | D        | Noticed a meat beast
   162 | D        | Noticed a meat beast
   163 | D        | Noticed a destroyer
   163 | D        | Noticed a dread
   164 | D        | Noticed a fleshlord
   165 | D        | Killed a meat beast
   165 | D        | Killed a meat beast
   165 | D        | Noticed a fleshlord
   166 | D        | Killed a meat beast
   166 | D        | Noticed a destroyer
   167 | D        | Killed a destroyer
   167 | D        | Noticed a dread
   168 | D        | Killed a destroyer
   168 | D        | Killed a dread
   169 | D        | Killed a dread
   169 | D        | Killed a fleshlord
   169 | D        | Noticed a fleshlord
   170 | D        | Noticed a large bag of meat
   171 | D        | Killed a fleshlord
   171 | D        | Killed a large bag of meat
   171 | D        | Noticed a destroyer
   174 | D        | Killed a destroyer
   174 | D        | Noticed a fleshlord
   175 | D        | Killed a fleshlord
   177 | D        | Noticed a dread
   177 | D        | Noticed an accursed
   178 | D        | Killed a dread
   178 | D        | Killed an accursed
   182 | D        | Noticed a destroyer
   182 | D        | Noticed an accursed
   183 | D        | Noticed a fleshlord
   183 | D        | Noticed a dread
   184 | D        | Killed a dread
   184 | D        | Killed a destroyer
   184 | D        | Killed a fleshlord
   185 | D        | Killed an accursed
   186 | D        | Noticed a destroyer
   186 | D        | Noticed a dread
   186 | D        | Noticed a destroyer
   186 | D        | Noticed an accursed
   186 | D        | Noticed an accursed
   186 | D        | Noticed a fleshlord
   186 | D        | Noticed a meat beast
   186 | D        | Noticed an accursed
   186 | D        | Noticed a fleshlord
   186 | D        | Noticed a fleshlord
   187 | D        | Noticed a fleshlord
   187 | D        | Noticed a meat beast
   187 | D        | HP: 9/228 [??? (6)]
   187 | D        | Killed from afar by an accursed

Illustrated notes

Levels and vault maps discovered:
D:        meatsprint

Skill      XL: |  1  2  3  4  5  6  7  8  9 10 11 12 13 14 15 16 17 18 19 20 21 22 23 24 25 26 27 |
---------------+----------------------------------------------------------------------------------+-----
Axes           | 17 23 26 27 | 27.0
Dodging        | 16 21 24 27 | 27.0
Spellcasting   | 12 15 18 22 27 | 27.0
Fighting       | 12 18 23 27 | 27.0
Stealth        | 10 17 21 27 | 27.0
Invocations    | 8 13 17 24 27 | 27.0
Armour         | 27 | 27.0
Throwing       | 7 22 27 | 27.0
Evocations     | 8 25 27 | 27.0
Short Blades   | 5 15 19 23 27 | 27.0
Long Blades    | 5 15 19 23 27 | 27.0
Maces & Flails | 5 14 17 21 27 | 27.0
Polearms       | 5 14 17 21 27 | 27.0
Staves         | 5 15 19 23 27 | 27.0
Ranged Weapons | 5 14 17 21 27 | 27.0
Shields        | 6 16 20 25 27 | 27.0
Unarmed Combat | 6 16 20 25 27 | 27.0

Action                     |  1- 3 |  4- 6 |  7- 9 | 10-12 | 13-15 | 16-18 | 19-21 | 22-24 | 25-27 || total
---------------------------+-------+-------+-------+-------+-------+-------+-------+-------+-------++-------
  Melee: Executioner's axe |     1 |       |       |     4 |     4 |    12 |    11 |    15 |   231 ||   278
   Cast: Manifold Assault  |       |       |       |     1 |     1 |     5 |     1 |     4 |    73 ||    85
 Invoke: Major Destruction |       |       |       |       |       |       |     1 |       |       ||     1
    Use: Scroll            |     1 |       |       |       |       |       |       |       |       ||     1
  Dodge: Dodged            |       |       |       |       |       |       |       |     3 |     3 ||     6
